cohdb
Replays
Latest Replays
All Replays
Popular Replays
Top Player Replays
Match Explorer
How It Works
Community
CoH3 Stats
Reddit
Sign in to upload your games and track your stats! →
Sign in with Steam
Match 44732001
Unlisted
Match 44732001
Overview
Messages
Build Orders
End
250 Light Carrier
Panzerpioneer Squad
Panzerpioneer Squad
Construct Light Support Kompanie
Combat Half-tracks
250 Light Carrier
Fire Support Elements
Flakvierling Half-track
Panzerjäger Mechanized Group
Selects Italian Infantry
Selects Guastatori Squad
Guastatori Squad
Vehicle Survival Package
Selects Registered Artillery
Selects Sound the Alarm
Construct Mechanized Kompanie
Emergency Repair Kits
2.5-tonne Medical Truck
Marder III Tank Destroyer
le.IG 18 Mechanized Group
StuG III D Assault Gun
Selects Prepared Positions
8 Rad Armored Car
Flakvierling Half-track
Construct Panzerarmee Kommand
Selects Propaganda War
Registered Artillery
Armored Reserves
Propaganda War
Tiger Heavy Tank
Propaganda War
Dusty
daspoulos
thep00ka
Drink||Chouchen
Gwangju's Hero Chun Doo-gwang
znzlno1
0
0
Comments
sign in to comment!
No comments posted yet!